 Dungeon Crawl Stone Soup version 0.28.0-53-g5a82cb258f (webtiles) character file.

Game seed: 432429364886386873

2792 Erymatos the Cleaver (level 9, -21/118 HPs)
             Began as a Minotaur Berserker on June 8, 2022.
             Was a Priest of Trog.
             Demolished by Infinimo's ghost (24 damage)
             ... on level 7 of the Dungeon.
             The game lasted 00:07:46 (7494 turns).

Erymatos the Cleaver (Minotaur Berserker)           Turns: 7494, Time: 00:07:46

Health: -21/118    AC: 12    Str: 24    XL:     9   Next: 43%
Magic:  8/8        EV:  9    Int:  4    God:    Trog [***...]
Gold:   370        SH:  0    Dex: 12    Spells: 8/8 levels left

rFire   . . .      SeeInvis .   w - +2 hand axe (vorpal)
rCold   . . .      Faith    .   (no shield)
rNeg    . . .      Spirit   .   l - +0 chain mail
rPois   .          Reflect  .   r - +0 hat
rElec   .          Harm     .   k - +0 cloak
rCorr   .          Rampage  .   (no gloves)
Will    .....                   (no boots)
Stlth   ..........              (no amulet)
HPRegen 0.29/turn               (no ring)
MPRegen 0.11/turn               (no ring)

@: berserking (expiring), very quick
A: horns 2, retaliatory headbutt
a: Renounce Religion, Berserk, Trog's Hand


You were on level 7 of the Dungeon.
You worshipped Trog.
Trog was most pleased with you.
You visited 1 branch of the dungeon, and saw 7 of its levels.

You collected 392 gold pieces.
You spent 22 gold pieces at shops.

Inventory:

Hand Weapons
 a - a +0 hand axe
 w - a +2 vorpal hand axe (weapon)
Missiles
 j - a throwing net (quivered)
Armour
 g - a +1 ring mail of fire resistance
 k - a +0 cloak (worn)
 l - a +0 chain mail (worn)
 r - a +0 hat (worn)
Wands
 m - a wand of iceblast (10)
Scrolls
 b - a scroll of identify
 c - 3 scrolls of fear
 d - 4 scrolls of teleportation
 h - a scroll of fog {unknown}
 n - a scroll of blinking
 o - a scroll of silence
 t - a scroll of enchant weapon
 u - 2 scrolls of magic mapping
 v - 2 scrolls of immolation
 x - a scroll of holy word
Potions
 e - 2 potions of heal wounds
 f - 2 potions of mutation
 i - a potion of lignification
 q - a potion of magic {unknown}
 s - 4 potions of curing {unknown}


   Skills:
 + Level 7.4 Fighting
 + Level 11.3 Axes
 + Level 8.8 Armour
 + Level 3.8 Dodging
 + Level 0.8 Stealth


You had 8 spell levels left.
You didn't know any spells.
Your spell library was empty.

Dungeon Overview and Level Annotations

Branches:
Dungeon (7/15)             Temple (0/1) D:6

Altars:
Kikubaaqudgha
Ru
Sif Muna
Vehumet
Xom
Yredelemnul
Beogh

Shops:
D:6 ?

Annotations:
D:7 Infinimo's ghost, novice OgBe


Innate Abilities, Weirdness & Mutations

You have a pair of horns on your head.
You reflexively headbutt those who attack you in melee.


Message History

Unknown command.
You are too injured to fight recklessly!
Unknown command.
You are too injured to fight recklessly!
Unknown command.
You are too injured to fight recklessly!
You barely miss Infinimo's ghost. You headbutt Infinimo's ghost!
Infinimo's ghost is moderately damaged.
The orc warrior hits your polar bear with a +0 war axe.
The orc warrior hits your polar bear with a +0 long sword.
Your polar bear closely misses the orc warrior.
Your polar bear claws the orc warrior but does no damage.
Your polar bear claws the orc warrior.
You closely miss Infinimo's ghost.
Infinimo's ghost is moderately damaged.
Infinimo's ghost hits you!!
* * * LOW HITPOINT WARNING * * *
Unknown command.
You slash Infinimo's ghost!
Infinimo's ghost is moderately damaged.
Your polar bear bites the orc warrior.
Your polar bear closely misses the orc warrior.
Your polar bear barely misses the orc warrior.
The orc warrior barely misses your polar bear.
The orc warrior hits your polar bear with a +0 long sword!
Your polar bear dies!
Your polar bear's corpse disappears in a puff of smoke!
You closely miss Infinimo's ghost. You headbutt Infinimo's ghost!
Infinimo's ghost is heavily damaged.
Infinimo's ghost hits you!
* * * LOW HITPOINT WARNING * * *
Unknown command.
You hit Infinimo's ghost.
Infinimo's ghost is heavily damaged.
Unknown command.
You hit Infinimo's ghost. Your headbutt misses Infinimo's ghost.
Infinimo's ghost is heavily damaged.
You hit the orc warrior. You completely miss the orc warrior.
Infinimo's ghost hits you!!
You die...

....#...################
....#'###8...)[_.....8#
#'###.# #.............#
......# #.#8#..8..#8#.#
......# #.###.....###.#
......# #....#####o...#
......# #......).ooo..#
......########'oo#######
########8......W@.....8#
.......................#
.......................#
.......................#
.......................#
.......................#
######'##+####'#########
................#
................#


You could see 3 orc warriors, Infinimo's ghost and 3 orcs.

Vanquished Creatures
  5 yaks (D:6)
  A warg (D:7)
  A water moccasin (D:6)
  A hornet zombie (D:6)
  2 ice beasts
  4 ogres
  A black bear (D:6)
  3 bullfrogs (D:7)
  A scorpion (D:4)
  A water moccasin zombie (D:6)
  A wyvern skeleton (D:7)
  2 water moccasin skeletons (D:4)
  6 killer bees (D:7)
  An orc priest (D:6)
  A jelly (D:7)
  A bullfrog skeleton (D:6)
  A human skeleton (D:6)
  3 iguanas
  An orc wizard (D:3)
  2 howler monkey skeletons (D:7)
  6 adders
  An ufetubus (D:5)
  An adder zombie (D:5)
  A worm (D:2)
  3 dart slugs
  11 orcs
  7 endoplasms
  6 giant cockroaches
  7 goblins
  7 hobgoblins
  2 jackals (D:1)
  10 kobolds
  6 quokkas
  3 ball pythons
  9 bats
  4 frilled lizards
  A goblin skeleton (D:6)
  8 rats
132 creatures vanquished.

Vanquished Creatures (collateral kills)
  An orc priest (D:7)
1 creature vanquished.

Grand Total: 133 creatures vanquished

Notes
Turn   | Place    | Note
-------+----------+-------------------------------------------
     0 | D:1      | Erymatos the Minotaur Berserker began the quest for the
                  | Orb.
     0 | D:1      | Reached XP level 1. HP: 19/19 MP: 0/0
   197 | D:1      | Reached skill level 4 in Axes
   197 | D:1      | Reached XP level 2. HP: 12/27 MP: 1/1
  1164 | D:1      | Reached XP level 3. HP: 33/33 MP: 2/2
  1841 | D:2      | Reached ** piety under Trog
  2156 | D:2      | Reached XP level 4. HP: 36/41 MP: 3/3
  2619 | D:2      | Reached skill level 5 in Axes
  2629 | D:2      | Found a shimmering altar of Xom.
  3200 | D:3      | Reached XP level 5. HP: 47/47 MP: 4/4
  3225 | D:3      | Reached *** piety under Trog
  3811 | D:4      | Noticed an ogre
  3817 | D:4      | Killed an ogre
  3818 | D:4      | Reached skill level 5 in Fighting
  3818 | D:4      | Reached skill level 6 in Axes
  3822 | D:4      | Reached XP level 6. HP: 56/56 MP: 5/5
  4161 | D:4      | Reached skill level 7 in Axes
  4385 | D:5      | Entered Level 5 of the Dungeon
  4532 | D:5      | Reached XP level 7. HP: 32/61 MP: 6/6
  4977 | D:5      | Reached skill level 5 in Armour
  5239 | D:5      | Found a radiant altar of Vehumet.
  5239 | D:5      | Found an ancient bone altar of Kikubaaqudgha.
  5241 | D:5      | Found a shimmering blue altar of Sif Muna.
  5576 | D:6      | Reached skill level 8 in Axes
  5703 | D:6      | Noticed a yak
  5703 | D:6      | Noticed a yak
  5704 | D:6      | Noticed a yak
  5705 | D:6      | Found a staircase to the Ecumenical Temple.
  5705 | D:6      | Noticed a yak
  5706 | D:6      | Noticed a yak
  5710 | D:6      | Killed a yak
  5712 | D:6      | Killed a yak
  5713 | D:6      | Reached skill level 9 in Axes
  5713 | D:6      | Reached XP level 8. HP: 70/70 MP: 7/7
  5717 | D:6      | Reached skill level 10 in Axes
  5803 | D:6      | Found a sacrificial altar of Ru.
  5925 | D:6      | Found a runed translucent door.
  5934 | D:6      | Found a basalt altar of Yredelemnul.
  6239 | D:6      | Found Kuwub's Magic Scroll Boutique.
  6243 | D:6      | Bought a scroll of identify for 22 gold pieces
  6286 | D:6      | Reached XP level 9. HP: 78/78 MP: 8/8
  6501 | D:7      | Reached skill level 11 in Axes
  6504 | D:7      | Reached **** piety under Trog
  7166 | D:7      | Found a runed translucent gate.
  7166 | D:7      | Noticed Infinimo's ghost (novice OgBe)
  7167 | D:7      | Found a runed translucent gate.
  7167 | D:7      | Identified the +1 plate armour of the Prince of Darkness
                  | {Str+2}
  7168 | D:7      | Found a runed translucent gate.
  7492 | D:7      | HP: 3/118 [Infinimo's ghost (16)]
  7494 | D:7      | Demolished by Infinimo's ghost

Illustrated notes

Levels and vault maps discovered:
D:1:      dpeg_arrival_morbid_curiosity, layout_loops_corners, serial_forest,
          infiniplex_forest_corner_1, infiniplex_forest_corner_2,
          infiniplex_forest_end_2, infiniplex_forest_lined_4_way,
          infiniplex_forest_clump_medium, infiniplex_forest_end_2,
          infiniplex_forest_clump_small
D:2:      layout_basic, basic_altar, kennysheep_generic_room_7
D:3:      minmay_door_path, layout_basic, minmay_misc_feat_rugged,
          chequers_avenue, minmay_crystal_water
D:4:      layout_rooms, minivault_1
D:5:      layout_loops_corners, grunt_temple_overflow_magic_moments
D:6:      layout_basic, dk_yredelemnul_ordeal, mainiacjoe_overflow_boulevard,
          minmay_temple_entry_mist, serial_shops, nicolae_shop_hallway_stairs,
          kennysheep_flooded_box
D:7:      layout_gridville, biasface_ghost_orc_armoury

Skill      XL: |  1  2  3  4  5  6  7  8  9 |
---------------+----------------------------+-----
Axes           | 4 5 6 7 9 10 11 | 11.3
Fighting       | 4 5 6 7 |  7.4
Armour         | 3 4 5 7 8 |  8.8
Dodging        | 3 |  3.8
Stealth        | |  0.8

Action                   |  1- 3 |  4- 6 |  7- 9 || total
-------------------------+-------+-------+-------++-------
Melee: Hand axe          |   132 |   114 |   152 ||   398
       Headbutt          |    16 |    25 |    30 ||    71
       Punch             |     1 |     3 |     1 ||     5
Invok: Berserk           |       |     1 |     4 ||     5
       Brothers in Arms  |       |       |     1 ||     1
  Use: Scroll            |       |       |    11 ||    11
Armor: Animal skin       |    17 |       |       ||    17
       Ring mail         |    21 |       |       ||    21
       Chain mail        |     6 |    65 |    73 ||   144
Dodge: Dodged            |    76 |    41 |    36 ||   153
